[Event "Titled Tuesday Blitz March 28 Early 2023"]
[White "Bongo Akanga Ndjila, Barthelemy"]
[Black "Miszler, Levente"]
[WhiteFideId "10609431"]
[BlackFideId "763276"]
[WhiteElo "1768"]
[BlackElo "2176"]
[Result "0-1"]
[Round "06"]
[TimeControl "180+2"]
[Date "2023.03.28"]
[WhiteClock "0:00:20"]
[BlackClock "0:01:02"]

1. d4 Nf6 2. c4 c5 3. d5 e6 4. Nc3 exd5 5. cxd5 d6 6. Nf3 g6 7. Bf4 a6 8. a4 Bg7 9. e3 O-O 10. h3 Ne8 11. Nd2 Nd7 12. Nc4 Qe7 13. Bd3 f5 14. O-O g5 15. Bh2 f4 16. exf4 gxf4 17. Re1 Ne5 18. Nxe5 Bxe5 19. Qf3 Qg7 20. Ne4 Bf5 21. Rab1 Nc7 22. b4 cxb4 23. Rxb4 Nxd5 24. Rc4 b5 25. axb5 axb5 26. Rc6 Nb4 27. Nxd6 Bxd3 28. Nxb5 Bxb5 29. Rb6 Nd3 30. Rb1 Bc4 31. Rb7 Qg6 32. Kh1 Rad8 33. Bg1 Bd5 34. Qd1 Bxg2+ 0-1


[Site "https://www.chess.com"]

[Event "Titled Tuesday Blitz March 28 Early 2023"]
[White "Kornyukov, Alexey"]
[Black "Sowul, Bartosz"]
[WhiteFideId "4150457"]
[BlackFideId "1137590"]
[WhiteElo "2352"]
[BlackElo "2188"]
[Result "0-1"]
[Round "06"]
[TimeControl "180+2"]
[Date "2023.03.28"]
[WhiteClock "0:01:06"]
[BlackClock "0:01:16"]

1. e4 c5 2. Nf3 d6 3. c3 Nf6 4. Be2 g6 5. O-O Bg7 6. d3 O-O 7. Be3 Nc6 8. Nbd2 e5 9. Nc4 b5 10. Ncd2 a6 11. c4 h6 12. b3 Ng4 13. Qc2 f5 14. exf5 gxf5 15. h3 Nf6 16. Nb1 f4 17. Bd2 Bf5 18. Nc3 Nb4 19. Qb1 bxc4 20. bxc4 Rb8 21. Ne4 Nxd3 22. Nxf6+ Qxf6 23. Qc1 Nxc1 0-1


[Site "https://www.chess.com"]

[Event "Titled Tuesday Blitz March 28 Early 2023"]
[White "dDobravcan"]
[Black "Olsson, William"]
[BlackFideId "1741721"]
[WhiteElo "2160"]
[BlackElo "2197"]
[Result "0-1"]
[Round "06"]
[TimeControl "180+2"]
[Date "2023.03.28"]
[WhiteClock "0:00:59"]
[BlackClock "0:00:11"]

1. e4 c5 2. b4 cxb4 3. Bb2 d5 4. exd5 Nf6 5. d4 Nxd5 6. Nf3 e6 7. Bc4 Nc6 8. O-O Be7 9. a3 bxa3 10. Nxa3 O-O 11. Bb3 b6 12. c4 Nf6 13. Qd3 Bb7 14. Rad1 a5 15. Rfe1 a4 16. Bc2 Nb4 17. Qd2 Nxc2 18. Nxc2 a3 19. Ba1 Bxf3 20. gxf3 Qc7 21. Ne3 Rfd8 22. d5 exd5 23. cxd5 Qf4 24. Qe2 Bd6 25. Nf1 Re8 26. Qd3 Rxe1 27. Rxe1 h6 28. Ng3 Qg5 29. Kh1 Qxd5 30. Qc3 Qc5 31. Qd3 Bxg3 32. fxg3 Qd5 33. Qc3 b5 34. Kg2 Qc4 35. Qd2 Rc8 36. Bxf6 gxf6 37. Qxh6 Qc2+ 38. Kh3 Qh7 39. Qxh7+ Kxh7 40. Re2 b4 41. Kg4 b3 42. h4 b2 43. Re3 a2 44. Kh5 b1=Q 45. g4 Qg6# 0-1


[Site "https://www.chess.com"]

[Event "Titled Tuesday Blitz March 28 Early 2023"]
[White "Gatterer, Florian"]
[Black "Winkels, Marcel"]
[WhiteFideId "811688"]
[BlackFideId "1003887"]
[WhiteElo "2221"]
[BlackElo "1900"]
[Result "1-0"]
[Round "06"]
[TimeControl "180+2"]
[Date "2023.03.28"]
[WhiteClock "0:00:45"]
[BlackClock "0:00:13"]

1. Nf3 Nf6 2. g3 d5 3. Bg2 g6 4. b3 Bg7 5. Bb2 c5 6. c4 O-O 7. cxd5 Nxd5 8. Bxg7 Kxg7 9. Qc1 Qd6 10. O-O Nc6 11. Nc3 Nxc3 12. Qxc3+ f6 13. Rac1 b6 14. d4 Nxd4 15. Nxd4 cxd4 16. Qc7 Qxc7 17. Rxc7 Rb8 18. Rxa7 Bg4 19. Rxe7+ Rf7 20. Rxf7+ Kxf7 21. Bd5+ Ke7 22. f3 Bd7 23. Rd1 Rc8 24. Be4 Bb5 25. Kf2 Rd8 26. Rc1 Rd7 27. a4 Ba6 28. Rc6 Rb7 29. Rc8 Rd7 30. Rb8 Rd6 31. Ra8 b5 32. a5 b4 33. Rb8 d3 34. exd3 Bxd3 35. Rxb4 Bxe4 36. fxe4 Rd2+ 37. Ke3 Rxh2 38. a6 Ra2 39. Ra4 Rxa4 40. bxa4 Kd7 41. a7 1-0


[Site "https://www.chess.com"]

[Event "Titled Tuesday Blitz March 28 Early 2023"]
[White "Sanchez, German"]
[Black "Mazurkiewicz, Michal"]
[WhiteFideId "4403959"]
[BlackFideId "1124943"]
[WhiteElo "1816"]
[BlackElo "2054"]
[Result "0-1"]
[Round "06"]
[TimeControl "180+2"]
[Date "2023.03.28"]
[WhiteClock "0:00:05"]
[BlackClock "0:01:47"]

1. e4 d6 2. d4 Nf6 3. Nc3 c6 4. Nf3 Bg4 5. Bc4 e6 6. Bg5 Be7 7. Qd3 d5 8. Bb3 dxe4 9. Nxe4 Bxf3 10. Qxf3 Nxe4 11. Bxe7 Qa5+ 12. c3 Nxc3 13. bxc3 Kxe7 14. O-O Re8 15. Qh3 h6 16. Rfe1 Kf8 17. Re5 Qa3 18. Rae1 Nd7 19. Rh5 Nf6 20. Rh4 e5 21. Rxh6 exd4 22. Rh8+ Ng8 23. Rd1 Qe7 24. Qh7 Qe1+ 0-1


[Site "https://www.chess.com"]

[Event "Titled Tuesday Blitz March 28 Early 2023"]
[White "Castellanos Gomez, Alejandro"]
[Black "Acikel, Mert"]
[WhiteFideId "22284141"]
[BlackFideId "12956465"]
[WhiteElo "2158"]
[BlackElo "2097"]
[Result "1-0"]
[Round "06"]
[TimeControl "180+2"]
[Date "2023.03.28"]
[WhiteClock "0:00:23"]
[BlackClock "0:00:14"]

1. d4 d5 2. Bf4 e6 3. e3 Bd6 4. Bg3 Nf6 5. Nd2 c5 6. c3 Qc7 7. f4 O-O 8. Bd3 Nc6 9. Bh4 Be7 10. Qf3 cxd4 11. exd4 b5 12. Qh3 g6 13. Qf3 b4 14. Ne2 a5 15. O-O Ba6 16. Rac1 Qb6 17. Ng3 Bxd3 18. Qxd3 Ng4 19. Bg5 h6 20. Bxe7 Nxe7 21. Nf3 Rac8 22. Ne5 Nf6 23. h4 Nf5 24. Nxf5 exf5 25. Rf3 h5 26. Rg3 Ne4 27. Rg5 bxc3 28. bxc3 Qb2 29. Rc2 Rxc3 30. Rxb2 Rxd3 31. Nxd3 1-0


[Site "https://www.chess.com"]

[Event "Titled Tuesday Blitz March 28 Early 2023"]
[White "Fernandez Garcia, Gumersindo"]
[Black "Michalski, Olaf"]
[WhiteFideId "24516740"]
[BlackFideId "1106740"]
[WhiteElo "2093"]
[BlackElo "2173"]
[Result "1-0"]
[Round "06"]
[TimeControl "180+2"]
[Date "2023.03.28"]
[WhiteClock "0:01:19"]
[BlackClock "0:00:04"]

1. e4 c5 2. Nf3 a6 3. d4 cxd4 4. Nxd4 Nf6 5. Nc3 e5 6. Nf3 Bb4 7. Bd3 d5 8. exd5 e4 9. Qe2 O-O 10. Bxe4 Nxe4 11. Qxe4 Bxc3+ 12. bxc3 Re8 13. Ne5 Qc7 14. O-O Qxe5 15. Qd3 Bf5 16. Qe3 Qxe3 17. Bxe3 Bxc2 18. Rac1 Bd3 19. Rfd1 Bc4 20. a3 Nd7 21. Rd4 b5 22. h3 Re5 23. d6 Rae8 24. a4 f6 25. axb5 axb5 26. Ra1 Rd5 27. Ra7 Rxd4 28. Bxd4 Rd8 29. g4 Kf7 30. f4 Ke6 31. Ra6 Bd5 32. f5+ Kf7 33. Kf2 g6 34. Kg3 g5 35. Ra5 Bc6 36. Ra6 Nb8 37. Rb6 Ke8 38. Bxf6 Rc8 39. Bxg5 Kd7 40. Bf4 Rg8 41. g5 h6 42. h4 hxg5 43. hxg5 Kc8 44. d7+ Kxd7 45. Rxb8 Rxb8 46. Bxb8 Ke7 47. Kf4 Kf7 48. g6+ 1-0


[Site "https://www.chess.com"]

[Event "Titled Tuesday Blitz March 28 Early 2023"]
[White "lolliNOPE"]
[Black "Kopczynski, Michal"]
[BlackFideId "1124200"]
[WhiteElo "2073"]
[BlackElo "2212"]
[Result "0-1"]
[Round "06"]
[TimeControl "180+2"]
[Date "2023.03.28"]
[WhiteClock "0:00:10"]
[BlackClock "0:00:09"]

1. e4 b6 2. d4 Bb7 3. Nc3 e6 4. Nf3 Nf6 5. Bd3 d5 6. e5 Nfd7 7. Ne2 c5 8. c3 Nc6 9. O-O Qc7 10. Bf4 O-O-O 11. Rc1 c4 12. Bb1 h6 13. b3 Na5 14. Nd2 g5 15. Bg3 h5 16. f4 h4 17. Bf2 g4 18. Be3 f5 19. b4 Nc6 20. Re1 Ne7 21. Nf1 Ng6 22. a4 Bh6 23. Qd2 Rh7 24. Bc2 Nb8 25. Ra1 Nc6 26. a5 b5 27. Ra2 a6 28. Rea1 Rdd7 29. Kf2 Nd8 30. Ke1 Nf7 31. Kd1 Rd8 32. Kc1 Bc6 33. Kb2 Be8 34. Ka3 Rd7 35. Re1 Nd8 36. Kb2 Nc6 37. Raa1 Bf8 38. Bg1 Kb7 39. Ne3 Qc8 40. Nxf5 exf5 41. Bxf5 Qd8 42. Bc2 Rc7 43. f5 Nge7 44. Nf4 Bh6 45. Be3 Bxf4 46. Bxf4 Nxb4 47. e6 Rc8 48. f6 Nxc2 49. Qxc2 Ng6 50. f7 Bxf7 51. exf7 Rxf7 52. Be5 Nxe5 53. Rxe5 b4 54. cxb4 c3+ 55. Ka3 g3 56. hxg3 hxg3 57. Rae1 Rf2 58. Qh7+ Rc7 59. Re7 c2 60. Rxc7+ Qxc7 61. Qxc7+ Kxc7 62. Kb2 Rxg2 63. Re6 Rd2 64. Rxa6 g2 65. Rg6 Rd1 66. Kxc2 g1=Q 67. Rxg1 Rxg1 0-1


[Site "https://www.chess.com"]

[Event "Titled Tuesday Blitz March 28 Early 2023"]
[White "Kadam, Om Manish"]
[Black "Van Osch, Mees"]
[WhiteFideId "45076294"]
[BlackFideId "1035967"]
[WhiteElo "2221"]
[BlackElo "2324"]
[Result "1-0"]
[Round "06"]
[TimeControl "180+2"]
[Date "2023.03.28"]
[WhiteClock "0:01:37"]
[BlackClock "0:00:14"]

1. e4 c5 2. Nf3 e6 3. d4 cxd4 4. Nxd4 Nc6 5. Nc3 Bc5 6. Be3 Qb6 7. Na4 Qa5+ 8. c3 Bxd4 9. Bxd4 Nxd4 10. Qxd4 e5 11. Qc4 Nf6 12. f3 d6 13. Qb5+ Qxb5 14. Bxb5+ Bd7 15. Bxd7+ Kxd7 16. O-O-O Rhc8 17. b4 b5 18. Nc5+ Ke7 19. Nb7 Rxc3+ 20. Kb2 Rc6 21. Na5 Rc7 22. Rd2 Rd8 23. Rhd1 Ke6 24. g4 h6 25. h4 g5 26. Rh1 d5 27. Nb3 d4 28. Nc5+ Ke7 29. hxg5 hxg5 30. Nd3 Nd7 31. Rh5 f6 32. Rh7+ Kd6 33. Rf7 Nb6 34. Rxf6+ Ke7 35. Rf5 Nc4+ 36. Kc1 Ne3+ 37. Kb2 Nxf5 38. exf5 Kd6 39. Re2 Re8 40. Nf2 Kd5 41. Ne4 Rec8 42. Rd2 Rc4 43. a3 Rc1 44. Nxg5 Rf1 45. f6 Rg8 46. f7 Rf8 47. Rc2 d3 48. Rc7 Rf2+ 49. Kc1 Rc2+ 50. Rxc2 dxc2 51. Kxc2 Kd6 52. Kd3 Ke7 53. Ke4 Kf6 54. Nh7+ Kxf7 55. Nxf8 Kxf8 56. Kxe5 a5 57. bxa5 1-0


[Site "https://www.chess.com"]

[Event "Titled Tuesday Blitz March 28 Early 2023"]
[White "Carrasco Miranda, Andres"]
[Black "Kucuksari, Kaan"]
[WhiteFideId "3405990"]
[BlackFideId "6380166"]
[WhiteElo "2183"]
[BlackElo "2364"]
[Result "0-1"]
[Round "06"]
[TimeControl "180+2"]
[Date "2023.03.28"]
[WhiteClock "0:01:24"]
[BlackClock "0:02:07"]

1. d4 d5 2. c4 Nc6 3. Nc3 Nf6 4. Nf3 dxc4 5. d5 Nb8 6. e4 e6 7. Bxc4 exd5 8. exd5 Bd6 9. O-O O-O 10. Bg5 h6 11. Bh4 Nbd7 12. a3 Nb6 13. Ba2 Bg4 14. Rc1 Nbd7 15. h3 Bh5 16. Ne4 g5 17. Nxd6 cxd6 18. Bg3 Ne4 19. Bb1 f5 20. Qd4 Bxf3 21. gxf3 Nxg3 22. fxg3 Rc8 23. Qxa7 Nc5 24. Rfe1 Ra8 0-1


[Site "https://www.chess.com"]

[Event "Titled Tuesday Blitz March 28 Early 2023"]
[White "Krzywda, Andrzej"]
[Black "Estrada Nieto, Julian"]
[WhiteFideId "1114565"]
[BlackFideId "5101018"]
[WhiteElo "2155"]
[BlackElo "2176"]
[Result "0-1"]
[Round "06"]
[TimeControl "180+2"]
[Date "2023.03.28"]
[WhiteClock "0:00:01"]
[BlackClock "0:00:07"]

1. d4 d5 2. c4 dxc4 3. e4 e5 4. Nf3 exd4 5. Bxc4 Nc6 6. O-O Be6 7. Bxe6 fxe6 8. Nbd2 Nf6 9. e5 Nd5 10. Nb3 Be7 11. Nbxd4 Nxd4 12. Nxd4 Qd7 13. Qg4 Kf7 14. Qf3+ Kg8 15. Qg4 Kf7 16. f4 Nf6 17. Qd1 Bc5 18. Be3 Rad8 19. Nc2 Qc6 20. Qe2 Nd5 21. Bxc5 Qxc5+ 22. Kh1 Ne7 23. Ne3 Rhf8 24. f5 Nxf5 25. g4 Qxe5 26. gxf5 Kg8 27. Qf3 Rd3 28. Rae1 exf5 29. Qf2 Qe4+ 30. Kg1 f4 31. Ng2 Qg6 32. Kh1 f3 33. Ne3 Rfd8 34. Rg1 Qe4 35. Rg4 Qc6 0-1


[Site "https://www.chess.com"]

[Event "Titled Tuesday Blitz March 28 Early 2023"]
[White "BenchGM"]
[Black "Reprintsev, Alexander"]
[BlackFideId "14100541"]
[WhiteElo "2373"]
[BlackElo "2229"]
[Result "0-1"]
[Round "06"]
[TimeControl "180+2"]
[Date "2023.03.28"]
[WhiteClock "0:00:07"]
[BlackClock "0:00:24"]

1. d4 d5 2. Bg5 Nc6 3. Nf3 f6 4. Bh4 Nh6 5. e3 Nf5 6. Bg3 h5 7. Bd3 g5 8. Bxf5 Bxf5 9. h4 g4 10. Nfd2 e5 11. dxe5 fxe5 12. c3 Qd7 13. Qb3 O-O-O 14. Na3 d4 15. cxd4 exd4 16. e4 Be6 17. Qa4 Kb8 18. Nb5 Rc8 19. Rc1 a6 20. Na3 Nb4 21. Qxd7 Bxd7 22. O-O Nxa2 23. Ra1 Nb4 24. Be5 Rh7 25. Bxd4 Bh6 26. Ndc4 g3 27. f3 Rd8 28. Be5 Bg7 29. Bxg3 b5 30. Ne5 Be6 31. Rac1 Kb7 32. Rfd1 Rhh8 33. Ng6 Rxd1+ 34. Rxd1 Rg8 35. Ne7 Re8 36. Nd5 Bxd5 37. exd5 Bxb2 38. Nb1 a5 39. Nd2 a4 40. Ne4 a3 41. d6 Rxe4 42. d7 Nc6 43. fxe4 a2 44. Bf4 a1=Q 45. Rxa1 Bxa1 46. Bg5 b4 47. d8=Q Nxd8 48. Bxd8 b3 0-1


[Site "https://www.chess.com"]

[Event "Titled Tuesday Blitz March 28 Early 2023"]
[White "Golubev, Mikhail"]
[Black "Ovezdurdyyeva, Jemal"]
[WhiteFideId "14100983"]
[BlackFideId "14001888"]
[WhiteElo "2374"]
[BlackElo "2043"]
[Result "1-0"]
[Round "06"]
[TimeControl "180+2"]
[Date "2023.03.28"]
[WhiteClock "0:00:08"]
[BlackClock "0:01:00"]

1. e4 d6 2. d4 Nf6 3. Nc3 g6 4. Bg5 Bg7 5. Qd2 h6 6. Be3 c6 7. h3 b5 8. a3 a5 9. Nf3 Bb7 10. e5 dxe5 11. Nxe5 h5 12. Be2 b4 13. axb4 axb4 14. Rxa8 bxc3 15. Qxc3 Bxa8 16. Bc4 e6 17. Qa3 Nbd7 18. O-O Nxe5 19. dxe5 Nd5 20. Bxd5 exd5 21. Ra1 Bb7 22. Qb4 Bc8 23. Ra8 Bxe5 24. Bc5 f6 25. Be7 Qd7 26. f4 Bc7 27. Bxf6 Rf8 28. Rxc8+ 1-0


[Site "https://www.chess.com"]

[Event "Titled Tuesday Blitz March 28 Early 2023"]
[White "Davidson, Kevin"]
[Black "Vallejo Diaz, Javier"]
[WhiteFideId "2056810"]
[BlackFideId "2256398"]
[WhiteElo "2151"]
[BlackElo "2487"]
[Result "0-1"]
[Round "06"]
[TimeControl "180+2"]
[Date "2023.03.28"]
[WhiteClock "0:00:01"]
[BlackClock "0:00:13"]

1. e4 c5 2. Nf3 e6 3. d4 cxd4 4. Nxd4 a6 5. Nc3 Qc7 6. g3 Bb4 7. Bd2 Nc6 8. Nb3 Nf6 9. Bg2 b5 10. O-O O-O 11. a4 bxa4 12. Nxa4 a5 13. Re1 e5 14. Nc3 Rb8 15. Nd5 Nxd5 16. exd5 Nd4 17. Nxd4 exd4 18. Bf4 d6 19. Re4 Bf5 20. Rxd4 Bc5 21. Rd2 Rxb2 22. c4 Rfb8 23. h3 Rb1 24. g4 Rxd1+ 25. Raxd1 Bg6 26. Bg3 h5 27. Kh2 hxg4 28. hxg4 a4 29. f4 f5 30. g5 Bh5 31. Ra1 a3 32. Rda2 Rb2 0-1


[Site "https://www.chess.com"]

[Event "Titled Tuesday Blitz March 28 Early 2023"]
[White "Zampronha, Wladimir Camilo"]
[Black "Vivas Zamora, Fabian Ernesto"]
[WhiteFideId "2103087"]
[BlackFideId "3902480"]
[WhiteElo "2176"]
[BlackElo "2262"]
[Result "0-1"]
[Round "06"]
[TimeControl "180+2"]
[Date "2023.03.28"]
[WhiteClock "0:01:26"]
[BlackClock "0:00:36"]

1. e4 e5 2. Nf3 Nc6 3. d4 exd4 4. Nxd4 Nf6 5. Nxc6 bxc6 6. e5 Qe7 7. Qe2 Nd5 8. c4 Ba6 9. b3 g6 10. f4 d6 11. Qf2 Nb6 12. Ba3 Bg7 13. Be2 O-O 14. O-O Nd7 15. Nd2 c5 16. exd6 cxd6 17. Nf3 Bxa1 18. Rxa1 Rfe8 19. Bf1 Nf6 20. Rd1 Ng4 21. Qd2 Rad8 22. Re1 Qd7 23. Rxe8+ Qxe8 24. Bc1 Bb7 25. Ng5 h6 26. Nh3 d5 27. cxd5 Rxd5 28. Qc3 Rd1 29. Bb2 Qe3+ 30. Qxe3 Nxe3 0-1


[Site "https://www.chess.com"]

[Event "Titled Tuesday Blitz March 28 Early 2023"]
[White "Garrido, Denis"]
[Black "Nunez V, Gustavo Eduardo"]
[WhiteFideId "601217"]
[BlackFideId "4403690"]
[WhiteElo "2291"]
[BlackElo "2228"]
[Result "0-1"]
[Round "06"]
[TimeControl "180+2"]
[Date "2023.03.28"]
[WhiteClock "0:01:10"]
[BlackClock "0:01:24"]

1. e4 c5 2. Nf3 Nc6 3. d4 cxd4 4. Nxd4 e5 5. Nb5 a6 6. Nd6+ Bxd6 7. Qxd6 Qf6 8. Qd1 Qg6 9. Nc3 Nge7 10. Be3 d6 11. g3 f5 12. Bd3 O-O 13. exf5 Bxf5 14. Bxf5 Nxf5 15. Nd5 Rae8 16. O-O Nfd4 17. c3 Nf3+ 18. Kg2 Qe4 19. Kh3 h5 20. Qb3 Kh7 21. Rac1 Qg4+ 22. Kg2 Nh4+ 23. Kg1 Nf3+ 24. Kg2 Qe4 25. Kh3 g5 26. Qc2 g4+ 27. Kg2 Ne1+ 28. Kg1 Nxc2 0-1


[Site "https://www.chess.com"]

[Event "Titled Tuesday Blitz March 28 Early 2023"]
[White "Clawitter, Craig"]
[Black "Kashtanov, Ruslan"]
[WhiteFideId "2023105"]
[BlackFideId "4124871"]
[WhiteElo "2253"]
[BlackElo "2276"]
[Result "0-1"]
[Round "06"]
[TimeControl "180+2"]
[Date "2023.03.28"]
[WhiteClock "0:00:03"]
[BlackClock "0:00:13"]

1. e4 c5 2. Nf3 d6 3. d4 cxd4 4. Nxd4 Nf6 5. Nc3 a6 6. Be3 e6 7. g4 h5 8. gxh5 b5 9. Bg2 Bb7 10. a3 Nbd7 11. f4 Rc8 12. Qe2 Rxc3 13. bxc3 Nxe4 14. O-O Qh4 15. Bxe4 Bxe4 16. Bf2 Qxh5 17. Qxh5 Rxh5 18. a4 bxa4 19. Rxa4 e5 20. Ne2 Bf3 21. Ng3 Rh4 22. Be3 Bd5 23. Rxa6 g6 24. Rd1 Bf3 25. Rf1 Bb7 26. Ra7 Bd5 27. Rd1 Bf3 28. Rf1 Bd5 29. Rd1 Bc6 30. fxe5 Nxe5 31. Bg5 Nf3+ 32. Kf2 Nxg5 33. Re1+ Kd8 0-1


[Site "https://www.chess.com"]

[Event "Titled Tuesday Blitz March 28 Early 2023"]
[White "Lauridsen, Jesper Morch"]
[Black "Begunov, Konstantin"]
[WhiteFideId "1401890"]
[BlackFideId "4118510"]
[WhiteElo "2250"]
[BlackElo "2079"]
[Result "0-1"]
[Round "06"]
[TimeControl "180+2"]
[Date "2023.03.28"]
[WhiteClock "0:00:02"]
[BlackClock "0:00:23"]

1. e4 c5 2. c3 Nf6 3. e5 Nd5 4. Nf3 Nc6 5. Bc4 Nb6 6. Bb3 d5 7. exd6 e6 8. d4 Bxd6 9. dxc5 Bxc5 10. Qxd8+ Kxd8 11. Nbd2 Na5 12. Ng5 Ke8 13. Nde4 Be7 14. Bf4 Nxb3 15. axb3 Bd7 16. Nd6+ Bxd6 17. Bxd6 Bc6 18. f3 h6 19. Ne4 Bxe4 20. fxe4 Kd7 21. Be5 f6 22. O-O-O+ Ke7 23. Bd6+ Kf7 24. Bc5 Rhd8 25. Rxd8 Rxd8 26. Rd1 Rxd1+ 27. Kxd1 f5 28. exf5 exf5 29. Ke2 g5 30. g3 Ke6 31. Bf8 h5 32. Bh6 Kf6 33. h4 gxh4 34. gxh4 Nd5 35. c4 Nb4 36. Bf8 Nc6 37. Bc5 a6 38. Be3 Ke5 39. Bh6 Ke4 40. Bf8 Nd4+ 41. Kf2 Nxb3 42. c5 f4 43. Bd6 f3 44. Be7 Nc1 45. b4 Nd3+ 46. Kg3 Nxb4 47. Bd6 Nd3 0-1


[Site "https://www.chess.com"]

[Event "Titled Tuesday Blitz March 28 Early 2023"]
[White "Tarasova, Viktoriya"]
[Black "Thiel, Thomas"]
[WhiteFideId "4175840"]
[BlackFideId "4615964"]
[WhiteElo "2182"]
[BlackElo "2216"]
[Result "1-0"]
[Round "06"]
[TimeControl "180+2"]
[Date "2023.03.28"]
[WhiteClock "0:01:40"]
[BlackClock "0:00:45"]

1. d4 Nf6 2. c4 g6 3. Nc3 d5 4. cxd5 Nxd5 5. g3 Bg7 6. Bg2 Nb6 7. Nf3 O-O 8. O-O Nc6 9. e3 a5 10. Re1 a4 11. Rb1 a3 12. b3 e5 13. d5 Ne7 14. e4 Bd7 15. Qe2 Nec8 16. Nb5 Bxb5 17. Qxb5 Nd6 18. Qe2 Re8 19. Nd2 Nb5 20. Qd3 Nd4 21. Nc4 Nxc4 22. bxc4 b6 23. Be3 Qd7 24. f4 f6 25. Bxd4 exd4 26. Qxd4 Ra4 27. Qd3 Rb8 28. e5 fxe5 29. fxe5 Qf5 30. Qxf5 gxf5 31. d6 cxd6 32. exd6 Kf8 33. Bd5 Bd4+ 34. Kg2 Bc5 35. d7 Rd8 36. Re8+ 1-0


[Site "https://www.chess.com"]

[Event "Titled Tuesday Blitz March 28 Early 2023"]
[White "Toktomushev, Teimur"]
[Black "Kiseleva, Arina"]
[WhiteFideId "14176726"]
[BlackFideId "4164989"]
[WhiteElo "2116"]
[BlackElo "1756"]
[Result "1-0"]
[Round "06"]
[TimeControl "180+2"]
[Date "2023.03.28"]
[WhiteClock "0:00:59"]
[BlackClock "0:00:45"]

1. d4 Nf6 2. c4 e6 3. Nf3 Bb4+ 4. Bd2 Bxd2+ 5. Qxd2 O-O 6. g3 d5 7. Bg2 dxc4 8. O-O a6 9. Ne5 c5 10. dxc5 Qc7 11. Nxc4 Qxc5 12. Rc1 Qe7 13. Nb6 Rd8 14. Rxc8 Rxc8 15. Nxc8 Qc7 16. Nd6 Nc6 17. Nc3 Rd8 18. Rd1 Ne5 19. Ndb5 Rxd2 20. Nxc7 Rxd1+ 21. Nxd1 1-0


[Site "https://www.chess.com"]

[Event "Titled Tuesday Blitz March 28 Early 2023"]
[White "Rose, Felix"]
[Black "Balague Camps, Marc"]
[WhiteFideId "5105722"]
[BlackFideId "2297914"]
[WhiteElo "2039"]
[BlackElo "2089"]
[Result "0-1"]
[Round "06"]
[TimeControl "180+2"]
[Date "2023.03.28"]
[WhiteClock "0:00:04"]
[BlackClock "0:01:29"]

1. e4 c5 2. Nf3 e6 3. d4 cxd4 4. Nxd4 Nc6 5. Nc3 Qc7 6. Be3 a6 7. Qf3 Nf6 8. O-O-O Ne5 9. Qg3 h5 10. f4 Neg4 11. Bg1 b5 12. e5 b4 13. Ncb5 axb5 14. Nxb5 Qb8 15. exf6 Rxa2 16. Kb1 Ra5 17. fxg7 Bxg7 18. h3 Kf8 19. Bc5+ Kg8 20. hxg4 Qa8 21. Ba7 Ba6 22. gxh5 Bxb5 23. h6 Rxh6 24. Rxh6 Qxa7 25. Kc1 Ra1+ 26. Kd2 Qd4+ 27. Bd3 Bxd3 0-1


[Site "https://www.chess.com"]

[Event "Titled Tuesday Blitz March 28 Early 2023"]
[White "Karthik Sai Ch"]
[Black "Horvath, Dominik"]
[WhiteFideId "46649484"]
[BlackFideId "1642561"]
[WhiteElo "2003"]
[BlackElo "2407"]
[Result "0-1"]
[Round "06"]
[TimeControl "180+2"]
[Date "2023.03.28"]
[WhiteClock "0:01:44"]
[BlackClock "0:02:32"]

1. d4 Nf6 2. Nf3 e6 3. Bf4 c5 4. e3 Nc6 5. Nbd2 Nh5 6. Be5 d6 7. Bg3 Nxg3 8. hxg3 g6 9. c3 cxd4 10. exd4 Bg7 11. Qc2 O-O 12. Bd3 e5 13. dxe5 dxe5 14. O-O-O Be6 15. Kb1 Rc8 16. Nb3 Nb4 17. Bxg6 hxg6 18. Rxd8 Rfxd8 19. Qe2 Bf5+ 20. Kc1 Nxa2# 0-1


[Site "https://www.chess.com"]

[Event "Titled Tuesday Blitz March 28 Early 2023"]
[White "Manukyan, Sargis A."]
[Black "Onslow, Alfie"]
[WhiteFideId "13303970"]
[BlackFideId "436976"]
[WhiteElo "2187"]
[BlackElo "2114"]
[Result "1/2-1/2"]
[Round "06"]
[TimeControl "180+2"]
[Date "2023.03.28"]
[WhiteClock "0:01:06"]
[BlackClock "0:00:02"]

1. d4 d5 2. c4 e6 3. Nc3 c6 4. e3 f5 5. Nf3 Nf6 6. Bd3 Bd6 7. O-O O-O 8. b3 Nbd7 9. Bb2 Ne4 10. Ne2 Qe7 11. Ne5 Nxe5 12. dxe5 Ba3 13. Bxa3 Qxa3 14. Bxe4 fxe4 15. Qc1 Qe7 16. c5 Qg5 17. Qc3 Rf5 18. Nd4 Rxe5 19. f4 exf3 20. Nxf3 Qxe3+ 21. Qxe3 Rxe3 22. Rae1 Rxe1 23. Rxe1 Bd7 24. Ne5 Be8 25. Kf2 Bg6 26. Ke2 Be4 27. g4 Rf8 28. h3 h5 29. b4 hxg4 30. hxg4 g6 31. Rc1 a6 32. a4 Kg7 33. Rc3 Rh8 34. b5 axb5 35. axb5 Rh2+ 36. Ke1 cxb5 37. Rb3 Kf6 38. Nd7+ Kg5 39. Rxb5 Kf4 40. Rxb7 Ke3 41. Rb3+ Bd3 42. Rxd3+ Kxd3 43. Ne5+ Ke4 44. Nxg6 Rc2 45. Nf8 e5 46. Nd7 Rg2 47. c6 Rc2 48. Nf6+ Kd4 49. g5 Rxc6 50. Ke2 Rc2+ 51. Kf3 e4+ 52. Kf4 e3 53. Kg3 e2 54. Kf2 Ke5 55. Nh7 Kf5 56. Nf6 Kxg5 57. Nxd5 Kf5 58. Ne3+ Ke4 59. Nxc2 e1=Q+ 60. Nxe1 1/2-1/2


[Site "https://www.chess.com"]

[Event "Titled Tuesday Blitz March 28 Early 2023"]
[White "Sai Krishna G V"]
[Black "Ardila, Oscar Humberto"]
[WhiteFideId "5028280"]
[BlackFideId "4404742"]
[WhiteElo "2359"]
[BlackElo "1911"]
[Result "1-0"]
[Round "06"]
[TimeControl "180+2"]
[Date "2023.03.28"]
[WhiteClock "0:00:45"]
[BlackClock "0:00:16"]

1. d4 Nf6 2. Nf3 g6 3. Bf4 Bg7 4. e3 d6 5. h4 h5 6. Nbd2 Nbd7 7. c3 b6 8. Qc2 Bb7 9. Bd3 Nf8 10. O-O e6 11. Ng5 Qe7 12. e4 Ng4 13. f3 Nf6 14. e5 Nd5 15. Be4 dxe5 16. Bxe5 Bxe5 17. dxe5 O-O-O 18. Qa4 Kb8 19. Nb3 Nd7 20. f4 Nc5 21. Nxc5 Qxc5+ 22. Kh2 Ne3 23. Bxb7 Nxf1+ 24. Rxf1 Kxb7 25. Nxf7 Rhf8 26. Nxd8+ Rxd8 27. Qe4+ Qc6 28. Qxg6 Rd2 29. f5 Qe4 30. Qg3 exf5 31. Qf3 Kc6 32. Qxe4+ fxe4 33. Re1 Kd5 34. e6 Kxe6 35. Rxe4+ Kf6 36. Rf4+ Kg6 37. Rc4 c5 38. b4 cxb4 39. cxb4 Rxa2 40. Rc6+ Kf5 41. Kh3 Ra3+ 42. g3 Rb3 43. Rh6 Rxb4 44. Rxh5+ Kg6 45. g4 Rb3+ 46. Kg2 a5 47. Rg5+ Kf6 48. Rf5+ Kg6 49. Rg5+ Kf6 50. Rf5+ Kg6 51. h5+ Kh6 52. Rf6+ Kg5 53. Rg6+ Kf4 54. h6 Rb2+ 55. Kh3 Rb3+ 56. Kh2 Rb2+ 57. Kh3 Rb3+ 58. Kh4 Rb1 59. Rf6+ Ke5 60. g5 Rh1+ 61. Kg4 a4 62. Rxb6 a3 63. Ra6 Rg1+ 64. Kh5 Ra1 65. h7 a2 66. h8=Q+ Kf5 67. Qxa1 1-0


[Site "https://www.chess.com"]